 Dungeon Crawl Stone Soup version 0.21-a0-513-gdcb3f5e (webtiles) character file.

903 theanonym the Skirmisher (level 8, -7/88 HPs)
             Began as an Ogre Monk on Dec 1, 2017.
             Mangled by Laiders's ghost (12 damage)
             ... on level 6 of the Dungeon.
             The game lasted 00:08:53 (6392 turns).

theanonym the Skirmisher (Ogre Monk)                Turns: 6392, Time: 00:08:54

Health: -7/88      AC:  3    Str: 18    XL:     8   Next: 7%
Magic:  8/8        EV: 19    Int: 11    God:
Gold:   288        SH:  0    Dex: 16    Spells: 7/7 levels left

rFire    . . .     SeeInvis .   y - +0 giant club
rCold    . . .     Gourm    .   (shield currently unavailable)
rNeg     . . .     Faith    .   b - +0 robe
rPois    .         Spirit   .   (helmet restricted)
rElec    .         Reflect  .   (no cloak)
rCorr    .         Harm     .   (gloves unavailable)
MR       .....                  (boots unavailable)
Stlth    +++.......             g - amulet of rage {+Rage}
HPRegen  0.24/turn              k - +2 ring of evasion
MPRegen  0.11/turn              r - +1 ring of evasion

@: agile, about to teleport, berserk cooldown, slowed, very slow
A: large, unfitting armour, tough skin 1
a: Evoke Berserk Rage


Innate Abilities, Weirdness & Mutations

You are too large for most types of armour.
You have tough skin. (AC +1)


   Skills:
 + Level 7.8 Fighting
 * Level 7.2 Maces & Flails
 - Level 2.6 Dodging
 - Level 1.4 Stealth


You had 7 spell levels left.
You didn't know any spells.

Skill      XL: |  1  2  3  4  5  6  7 |
---------------+----------------------+-----
Maces & Flails | 3 4 5 6 7 |  7.2
Fighting       | 5 6 7 |  7.8
Dodging        | |  2.6
Stealth        | |  1.4

Action                   |  1- 3 |  4- 6 |  7- 9 || total
-------------------------+-------+-------+-------++-------
Melee: Mace              |   166 |   208 |    85 ||   459
       Giant club        |       |       |    59 ||    59
 Abil: Evoke Berserk Rag |       |     6 |     5 ||    11
  Use: Scroll            |       |     5 |     3 ||     8
       Potion            |       |       |     4 ||     4
 Stab: Sleeping          |     2 |     4 |     1 ||     7
       Distracted        |       |     1 |     1 ||     2
  Eat: Chunk             |     1 |    11 |     5 ||    17
       Bread ration      |     1 |       |       ||     1
       Meat ration       |       |     1 |       ||     1
       Fruit             |       |     1 |       ||     1
Armor: Robe              |    73 |    64 |    21 ||   158
Dodge: Dodged            |   112 |   133 |    85 ||   330

Inventory:

Hand Weapons
 y - a +0 giant club (weapon)
   (You took it off an ogre on level 5 of the Dungeon)
Armour
 b - a +0 robe (worn)
Jewellery
 g - an amulet of rage (around neck) {+Rage}
   (You found it on level 1 of the Dungeon)
 j - an uncursed amulet of harm {unknown}
   (You found it on level 3 of the Dungeon)
 k - a +2 ring of evasion (left hand)
   (You found it on level 3 of the Dungeon)
 r - a +1 ring of evasion (right hand)
   (You found it on level 5 of the Dungeon)
Scrolls
 a - a scroll of blinking {unknown}
 d - 3 scrolls of remove curse
 f - 3 scrolls of amnesia
 i - a scroll of magic mapping {unknown}
 l - a scroll of random uselessness {unknown}
 t - 2 scrolls of fog {unknown}
 u - a scroll of enchant weapon {unknown}
 v - a scroll of noise {unknown}
Potions
 e - a potion of degeneration
 o - a potion of berserk rage {!q}
 p - a potion of lignification {unknown}
 s - a potion of resistance {unknown}
 w - 5 potions of curing
Comestibles
 c - 5 bread rations
 m - 3 chunks of flesh
 x - a meat ration

Dungeon Overview and Level Annotations

Branches:
Dungeon (6/15)
 Temple: D:4-7

Altars:
Cheibriados
Dithmenos
Okawaru
Sif Muna
Uskayaw
Vehumet
Xom
Yredelemnul
Zin

Shops:
D:4 %

Annotations:
D:6 Laiders's ghost, novice DrTm


You were on level 6 of the Dungeon.
You were very hungry.

You visited 1 branch of the dungeon, and saw 6 of its levels.

You collected 288 gold pieces.


Message History

Health restored: 88 You butcher the leopard gecko corpse.
m - 3 chunks of flesh (gained 2)
d - 4 scrolls labeled LOMNEICEMN (gained 1)
Found a white potion.
Laiders's ghost (novice Black Draconian Transmuter) comes into view.
You aren't carrying any items that you can evoke.
An adder comes into view.
Laiders's ghost turns its malevolent gaze towards you.
A red film seems to cover your vision as you go berserk!
You feel yourself moving faster!
You feel mighty!
You are feeling very hungry.
You now have 132/132 hp.
You feel a strong urge to attack something.
Laiders's ghost hits you!
You take 12 damage, and have 120/132 hp.
You barely miss Laiders's ghost. Laiders's ghost hits you!
You take 10 damage, and have 110/132 hp.
You bludgeon Laiders's ghost!!
You hear an angry hiss.
Laiders's ghost completely misses you.
You closely miss Laiders's ghost. You closely miss Laiders's ghost.
Laiders's ghost barely misses you.
You barely miss Laiders's ghost. Laiders's ghost closely misses you.
An iguana comes into view.
You closely miss Laiders's ghost.
The iguana hisses angrily.
Laiders's ghost hits you.
You take 3 damage, and have 108/132 hp.
You barely miss Laiders's ghost. Laiders's ghost closely misses you.
You miss Laiders's ghost. Laiders's ghost hits you.
You take 4 damage, and have 105/132 hp.
You closely miss Laiders's ghost.
You are no longer berserk.
You are exhausted.
You feel yourself slow down. Laiders's ghost hits you!
You now have 62/88 hp.
You barely miss Laiders's ghost. Laiders's ghost closely misses you.
You sock Laiders's ghost! Laiders's ghost hits you!
Laiders's ghost completely misses you.
You take 6 damage, and have 56/88 hp.
You barely miss Laiders's ghost.
Laiders's ghost completely misses you. x2
You sock Laiders's ghost! Laiders's ghost completely misses you.
Laiders's ghost hits you!
You take 10 damage, and have 46/88 hp.
You barely miss Laiders's ghost.
Laiders's ghost ripples.
Laiders's ghost hits you!
* * * LOW HITPOINT WARNING * * *
Laiders's ghost hits you!
* * * LOW HITPOINT WARNING * * *
You take 27 damage, and have 19/88 hp.
MASSIVE DAMAGE!!
You are too injured to fight recklessly!
You are too injured to fight recklessly!
You are too injured to fight recklessly!
You are too injured to fight recklessly!
You are too injured to fight recklessly!
You are too injured to fight recklessly!
As you read the scroll labeled ODDYASCHUITT, it crumbles to dust.
It is a scroll of amnesia.
You feel forgetful for a moment. Laiders's ghost hits you.
* * * LOW HITPOINT WARNING * * *
Okay, then.
You feel much better. Laiders's ghost hits you!
* * * LOW HITPOINT WARNING * * *
Laiders's ghost completely misses you.
You regained 17 hp, and now have 36/88 hp.
You feel agile all of a sudden. Laiders's ghost barely misses you.
As you read the scroll labeled LOMNEICEMN, it crumbles to dust.
You feel as if something is helping you.
It was a scroll of remove curse.
Laiders's ghost hits you!
* * * LOW HITPOINT WARNING * * *
Laiders's ghost hits you!
* * * LOW HITPOINT WARNING * * *
You take 18 damage, and have 18/88 hp.
MASSIVE DAMAGE!!
Okay, then.
You miss Laiders's ghost. Laiders's ghost barely misses you.
Laiders's ghost closely misses you.
You barely miss Laiders's ghost. Laiders's ghost hits you!
* * * LOW HITPOINT WARNING * * *
Laiders's ghost closely misses you.
You take 6 damage, and have 12/88 hp.
You feel better. Laiders's ghost closely misses you.
You regained 10 hp, and now have 22/88 hp.
You barely miss Laiders's ghost.
Laiders's ghost says, "Ah, a second chance to prove myself in battle!"
Laiders's ghost hits you.
* * * LOW HITPOINT WARNING * * *
Laiders's ghost completely misses you.
You take 5 damage, and have 17/88 hp.
You barely miss Laiders's ghost. Laiders's ghost hits you!
* * * LOW HITPOINT WARNING * * *
Laiders's ghost hits you.
* * * LOW HITPOINT WARNING * * *
You take 12 damage, and have 5/88 hp.
As you read the scroll labeled UGAHEU KYAFU, it crumbles to dust.
You feel strangely unstable.
It was a scroll of teleportation.
Laiders's ghost hits you!
You die...

.... #..# #.# #..# #.#
#. ##.. # #.# ..##l. .##
#.# #.##S# .<##
#.####.##W# ...##
#........@#
....####.........#####!.
....'...................
....####...#..##.#####..
.<.## #..##.###.# ..##
#.###.###.# .##
#.........# #
#####.##### #.#


You could see an iguana, Laiders's ghost and an adder.

Notes
Turn   | Place    | Note
-------+----------+-------------------------------------------
     0 | D:1      | theanonym the Ogre Monk began the quest for the Orb.
     0 | D:1      | Reached XP level 1. HP: 24/24 MP: 1/1
    67 | D:1      | Reached skill level 3 in Maces & Flails
    72 | D:1      | Reached XP level 2. HP: 30/32 MP: 2/2
   409 | D:1      | Reached XP level 3. HP: 40/40 MP: 3/3
   837 | D:1      | HP: 20/40 [hobgoblin/club (5)]
   843 | D:1      | HP: 20/40 [hobgoblin/club (1)]
  1449 | D:1      | HP: 20/40 [poisoned by an adder]
  1454 | D:1      | HP: 15/41 [poisoned by an adder]
  1459 | D:1      | HP: 13/41 [poisoned by an adder]
  1466 | D:1      | HP: 11/41 [poisoned by an adder]
  1473 | D:1      | HP: 10/41 [poisoned by an adder]
  1481 | D:1      | HP: 9/41 [poisoned by an adder]
  1857 | D:2      | Found an iron altar of Okawaru.
  1879 | D:2      | Found a shadowy altar of Dithmenos.
  1925 | D:2      | HP: 20/41 [adder (2)]
  1928 | D:2      | Reached XP level 4. HP: 19/49 MP: 4/4
  1930 | D:2      | HP: 17/49 [poisoned by an adder]
  1935 | D:2      | HP: 16/49 [poisoned by an adder]
  1942 | D:2      | HP: 15/49 [poisoned by an adder]
  1950 | D:2      | HP: 14/49 [poisoned by an adder]
  2361 | D:2      | Found a hide-covered altar of Uskayaw.
  2372 | D:2      | Reached skill level 5 in Fighting
  2372 | D:2      | Reached skill level 4 in Maces & Flails
  3166 | D:2      | Reached XP level 5. HP: 57/57 MP: 5/5
  3217 | D:2      | Found a radiant altar of Vehumet.
  3631 | D:3      | Noticed theanonym's ghost (amateur OgBe)
  3670 | D:3      | HP: 38/85 [theanonym's ghost (9)]
  3675 | D:3      | Killed theanonym's ghost
  3675 | D:3      | Reached skill level 6 in Fighting
  3675 | D:3      | Reached skill level 5 in Maces & Flails
  3675 | D:3      | Reached XP level 6. HP: 46/67 MP: 6/6
  4376 | D:4      | Found a snail-covered altar of Cheibriados.
  4521 | D:4      | Found a deep blue altar of Sif Muna.
  4532 | D:4      | Found a glowing silver altar of Zin.
  4532 | D:4      | Found a basalt altar of Yredelemnul.
  4602 | D:4      | HP: 34/68 [worker ant (5)]
  4607 | D:4      | HP: 26/68 [poisoned by a worker ant]
  4612 | D:4      | HP: 21/68 [poisoned by a worker ant]
  4618 | D:4      | HP: 18/68 [poisoned by a worker ant]
  4623 | D:4      | HP: 16/68 [poisoned by a worker ant]
  4629 | D:4      | HP: 15/68 [poisoned by a worker ant]
  4637 | D:4      | HP: 15/68 [poisoned by a worker ant]
  5143 | D:4      | Found Zeitt's Food Shop.
  5312 | D:5      | Entered Level 5 of the Dungeon
  5312 | D:5      | Noticed a phantom
  5384 | D:5      | Killed a phantom
  5384 | D:5      | Reached skill level 6 in Maces & Flails
  5384 | D:5      | Reached XP level 7. HP: 76/76 MP: 7/7
  5435 | D:5      | Found a shimmering altar of Xom.
  5500 | D:5      | Reached skill level 7 in Fighting
  5989 | D:5      | Reached skill level 7 in Maces & Flails
  6058 | D:5      | Reached XP level 8. HP: 88/88 MP: 8/8
  6365 | D:6      | Noticed Laiders's ghost (novice DrTm)
  6382 | D:6      | HP: 31/88 [Laiders's ghost (15)]
  6388 | D:6      | HP: 12/88 [Laiders's ghost (7)]
  6391 | D:6      | HP: 5/88 [Laiders's ghost (5)]
  6392 | D:6      | Mangled by Laiders's ghost

Vanquished Creatures
  The ghost of theanonym the Skirmisher, an amateur OgBe of Trog (D:3)
  A phantom (D:5)
  An ogre (D:5)
  A scorpion (D:5)
  2 crimson imps (D:5)
  2 hounds (D:5)
  2 orc wizards (D:5)
  6 worker ants
  9 adders
  An ooze (D:5)
  2 adder skeletons (D:5)
  3 worms
  3 dart slugs
  5 leopard geckos
  3 orcs (D:5)
  A ball python (D:1)
  12 bats
  6 giant cockroaches
  8 goblins
  10 hobgoblins
  8 jackals
  5 kobolds
  A quokka (D:3)
  6 frilled lizards
  A quokka skeleton (D:4)
  8 rats
  A bush (D:5)
109 creatures vanquished.
